 Dungeon Crawl Stone Soup version 0.31.0-11-ge490571c62 (webtiles) character file.

Game seed: 15882118570056839072

57 qw the Shooter (level 3, -2/20 HPs)
             Began as a Deep Elf Hunter on Feb 4, 2024.
             Killed from afar by an orc wizard (7 damage)
             ... with a magic dart
             ... on level 3 of the Dungeon.
             The game lasted 00:00:05 (1434 turns).

qw the Shooter (Deep Elf Hunter)                    Turns: 1434, Time: 00:00:05

Health: -2/20      AC:  6    Str: 10    XL:     3   Next: 73%
Magic:  5/5        EV:  9    Int: 13    God:
Gold:   76         SH:  0    Dex: 18    Spells: 2/2 levels left

rFire   . . .        a - +0 shortbow
rCold   . . .        (shield currently unavailable)
rNeg    . . .        e - +0 scale mail
rPois   .            (no helmet)
rElec   .            (no cloak)
rCorr   .            (no gloves)
SInv    .            (no boots)
Will    .....        (no amulet)
Stlth   +            (no ring)
HPRegen 0.23/turn    (no ring)
MPRegen 0.09/turn

%: no passive effects
@: lethally poisoned (-2 -> -4)
A: no striking features
a: no special abilities


You were on level 3 of the Dungeon.
You visited 1 branch of the dungeon, and saw 3 of its levels.

You collected 156 gold pieces.
You spent 80 gold pieces at shops.


   Skills:
 - Level 1.5 Fighting
 + Level 7.2 Ranged Weapons
 - Level 2.4 Dodging
 - Level 1.2 Stealth


You had 2 spell levels left.
You didn't know any spells.
Your spell library was empty.

Inventory:

Hand Weapons
 a - a +0 shortbow (weapon)
Armour
 e - a +0 scale mail (worn)
Potions
 c - a potion of cancellation
 f - a potion of might

Dungeon Overview and Level Annotations

Branches:
Dungeon (3/15)

Altars:
Fedhas
Yredelemnul

Shops:
D:2 *   D:3 [


Message History

The orc wizard is heavily wounded.
You shoot an arrow. The arrow hits the orc.
The orc is moderately wounded.
The orc wizard mumbles some strange words.
The orc wizard flickers and vanishes!
Deactivating autopickup; reactivate with Ctrl-A.
You shoot an arrow. The arrow hits the orc.
The orc is severely wounded.
The orc wizard casts a spell.
The orc wizard flickers and vanishes!
The orc wizard gestures wildly while chanting.
The orc wizard flickers and vanishes!
You shoot an arrow.
The arrow hits the orc but does no damage.
The orc is heavily wounded.
The orc closely misses you.
You shoot an arrow. The arrow barely misses the orc.
The orc hits you but does no damage.
You are poisoned.
You shoot an arrow. The arrow hits the orc.
You kill the orc!
You feel very sick. Something hits you but does no damage.
You shoot an arrow.
You feel sick.
You shoot an arrow.
You feel sick. Something hits you but does no damage.
You shoot an arrow.
You feel sick.
A magic dart appears from out of thin air!
The magic dart hits something!
Something hits you but does no damage. x3
You shoot an arrow.
You feel sick.
A magic dart appears from out of thin air!
The magic dart hits you but does no damage.
Something hits you but does no damage.
You hear some strange, mumbled words.
A magic dart appears from out of thin air!
The magic dart hits you!
You die...

#..# #.###.###
#..#####.# #.#
.........# #.# ...###
#####+# ....# ##...##
##..# ##.....## ##..#
##.......##
#...####........{####...
.......+........@){.....
#...####.........####...
....# #.......## #######
##.....## %......#
##...## ######.# ##'##
.# #.# #.# .### #.# #.#
...# #.# ##.##


There were no monsters in sight!

Vanquished Creatures
  An adder (D:3)
  A gnoll (D:1)
  3 dart slugs
  An orc (D:3)
  A ball python (D:1)
  2 bats (D:1)
  6 endoplasms
  4 goblins
  2 hobgoblins
  3 frilled lizards
  4 kobolds
  4 rats
32 creatures vanquished.

Notes
Turn   | Place    | Note
-------+----------+-------------------------------------------
     0 | D:1      | qw the Deep Elf Hunter began the quest for the Orb.
     0 | D:1      | Reached XP level 1. HP: 12/12 MP: 3/3
     0 | D:1      | 0 ||| qw: Version: 0.3-a-160-g6735b56
     0 | D:1      | 0 ||| qw: Game counter: 4803
     0 | D:1      | 0 ||| qw: Melee chars always use a shield: true
     0 | D:1      | 0 ||| qw: God list: Okawaru
     0 | D:1      | 0 ||| qw: Allow faded altars: false
     0 | D:1      | 0 ||| qw: Do Orc after clearing Dungeon:15 true
     0 | D:1      | 0 ||| qw: Do second Lair branch before Depths: true
     0 | D:1      | 0 ||| qw: Lair rune preference: random
     0 | D:1      | 0 ||| qw: Goals: Normal
     0 | D:1      | 0 ||| PLANNING D:1-11
    79 | D:1      | Reached XP level 2. HP: 16/16 MP: 4/4
    80 | D:1      | Reached skill level 6 in Ranged Weapons
   248 | D:1      | Reached XP level 3. HP: 20/20 MP: 5/5
   583 | D:1      | 583 ||| UPGRADING to +0 scale mail.
   593 | D:1      | 593 ||| DROPPING +0 leather armour.
   594 | D:1      | 594 ||| READING 2 scrolls labelled VOAWYI PU IDWO.
   594 | D:1      | 594 ||| IDENTIFYING scroll labelled PEUCYA VENATTIA
   595 | D:1      | 595 ||| READING scroll of identify.
   595 | D:1      | 595 ||| IDENTIFYING 2 scrolls labelled SASTYS CIJI IMP
   596 | D:1      | 596 ||| DROPPING scroll of butterflies.
   597 | D:1      | 597 ||| DROPPING 2 scrolls of noise.
   598 | D:1      | 598 ||| DROPPING scroll of blinking.
   700 | D:2      | Found Pykh's General Store.
   705 | D:2      | Found a blossoming altar of Fedhas.
   708 | D:2      | 708 ||| BUYING potion of cancellation (80 gold).
   708 | D:2      | Bought a potion of cancellation for 80 gold pieces
   708 | D:2      | 708 ||| SHOPLISTING ring "Zemewke" {rC+ Will+ Str+3 Int+6}
                  | (619 gold, have 5).
   708 | D:2      | 708 ||| SHOPLISTING scroll of enchant weapon (75 gold, have
                  | 5).
   708 | D:2      | 708 ||| SHOPLISTING scroll of identify (20 gold, have 5).
   757 | D:2      | 757 ||| FLEEEEING.
   758 | D:2      | 758 ||| FLEEEEING.
   759 | D:2      | 759 ||| FLEEEEING.
  1243 | D:2      | 1243 ||| READING scroll of identify.
  1243 | D:2      | 1243 ||| IDENTIFYING fuming silvery potion
  1244 | D:2      | 1244 ||| READING scroll labelled CANTOR YKHIT.
  1252 | D:3      | Found Zuolaen's Antique Armour Boutique.
  1256 | D:3      | 1256 ||| SHOPLISTING glowing ring mail (161 gold, have 56).
  1256 | D:3      | 1256 ||| SHOPLISTING ring mail (92 gold, have 56).
  1326 | D:3      | Reached skill level 7 in Ranged Weapons
  1372 | D:3      | Found a basalt altar of Yredelemnul.
  1433 | D:3      | HP: 5/20 [poisoned by an orc]
  1434 | D:3      | Killed from afar by an orc wizard

Levels and vault maps discovered:
D:1:      psy_arrival_whirlpool, layout_basic
D:2:      minmay_skewed_foursquare, layout_basic, basic_altar, serial_shops,
          shop_statue
D:3:      layout_loops_corners, yredelemnul_altar_generic, serial_shops, shop,
          grunt_ministairs_7, chequers_serial_rivers_room_b

Skill      XL: |  1  2  3 |
---------------+----------+-----
Ranged Weapons | 6 7 |  7.2
Fighting       | |  1.5
Dodging        | |  2.4
Stealth        | |  1.2

Action                     || total
---------------------------++-------
   Fire: Shortbow          ||    96
    Use: Scroll            ||     4
 Armour: Leather armour    ||     5
         Scale mail        ||    22
  Dodge: Dodged            ||    21

Table legend:
 A = Non-vault XP
 B = Vault XP
 C = Vault XP percentage of total XP
 D = Non-vault monster count
 E = Vault monster count
 F = Vault count percentage of total count
                 A         B        C        D         E       F
            +---------+---------+-------+---------+---------+-------
      Total |      74 |       8 |   9.8 |      29 |       3 |   9.4
            +---------+---------+-------+---------+---------+-------
        D:1 |      48 |       0 |   0.0 |      21 |       0 |   0.0
        D:2 |       5 |       8 |  61.5 |       3 |       3 |  50.0
        D:3 |      21 |       0 |   0.0 |       5 |       0 |   0.0
            +---------+---------+-------+---------+---------+-------
